 Dungeon Crawl Stone Soup version 0.32-a0-779-g362cfcae2a (webtiles) character file.

Game seed: 4594745086829789051

21652 Rohain the Unseen (level 12, -2/59 HPs)
             Began as a Vampire Enchanter on Mar 19, 2024.
             Was an Elder of Dithmenos.
             Slain by a reaper
             ... wielding a +4 scythe of venom
              (34 damage)
             ... in a Gauntlet.
             The game lasted 00:30:53 (12625 turns).

Rohain the Unseen (Vampire Enchanter)              Turns: 12625, Time: 00:30:53

Health: -2/59      AC:  7    Str: 10    XL:     12   Next: 56%
Magic:  24/24      EV: 18    Int: 24    God:    Dithmenos [****..]
Gold:   844        SH:  0    Dex: 19    Spells: 17/28 levels left

rFire   + . .        j - +3 dagger (venom)
rCold   + + +        (no shield)
rNeg    + + +        D - +0 steam dragon scales
rPois   ∞            (no helmet)
rElec   .            t - +0 cloak
rCorr   .            (no gloves)
SInv    +            x - +0 pair of boots
Will    +++..        g - amulet of Gidghuit {rC+ Will++ RegenMP+ Str+3} Stlth ***+++++++
                     h - ring of protection from fire
HPRegen 0.00/turn    k - +6 ring of intelligence
MPRegen 0.59/turn

%: no teleportation
@: bloodless, inhibited regen, wreathed by umbra
A: bloodless, fangs 3, see invisible, vampiric 2
a: Bat Form, Revivify, Renounce Religion, Shadow Step


You were in a Gauntlet.
You worshipped Dithmenos.
Dithmenos was greatly pleased with you.
You visited 2 branches of the dungeon, and saw 14 of its levels.
You also visited: Sewer and Gauntlet.

You collected 872 gold pieces.
You spent 28 gold pieces at shops.

Inventory:

Hand Weapons
 a - a +1 dagger of protection
 j - a +3 dagger of venom (weapon)
Missiles
 e - 15 atropa-tipped darts
 s - 48 poisoned darts
 A - 3 throwing nets
 H - 3 curare-tipped darts
Armour
 b - a +0 robe
 t - a +0 cloak (worn)
 x - a +0 pair of boots (worn)
 z - an orb of guile
 D - +0 steam dragon scales (worn)
 E - the orb of Patterns {*channel, *Slow Regen+ Int+8 Slay-3}
   (You found it on level 7 of the Dungeon)

   Int+8:     It affects your intelligence (+8).
   Slay-3:    It affects your accuracy & damage with ranged weapons and melee
   (-3).
   Regen+:    It increases your rate of health regeneration.
   *Slow:     It may slow you when you take damage.
 T - +0 acid dragon scales
Jewellery
 d - a ring of resist corrosion
 g - the amulet of Gidghuit (around neck) {rC+ Will++ RegenMP+ Str+3}
   (You acquired it on level 2 of the Dungeon)

   [amulet of magic regeneration]

   It increases your rate of magic regeneration.
   Str+3:     It affects your strength (+3).
   rC+:       It protects you from cold.
   Will++:    It greatly increases your willpower.
   RegenMP+:  It increases your rate of magic regeneration.
 h - a ring of protection from fire (left hand)
 k - a +6 ring of intelligence (right hand)
 w - a +6 ring of strength
 B - an amulet of regeneration
 G - a +6 ring of strength
 J - a ring of magical power
 M - a ring of protection from fire
 U - the ring "Tuteamoka" {Fly Int+4}
   (You found it in a Gauntlet)

   [ring of flight]

   Int+4:     It affects your intelligence (+4).
   Fly:       It grants you flight.
Wands
 N - a wand of roots (8)
 P - a wand of paralysis (5)
 R - a wand of flame (18)
Scrolls
 f - 5 scrolls of noise
 l - 2 scrolls of fog
 m - 5 scrolls of teleportation
 q - a scroll of silence
 u - 4 scrolls of fear
 y - 3 scrolls of blinking
 C - 5 scrolls of identify
 F - 2 scrolls of amnesia
 I - 3 scrolls of vulnerability
 K - 2 scrolls of enchant weapon
 O - a scroll of immolation
Potions
 c - 6 potions of invisibility
 i - 3 potions of heal wounds
 n - 4 potions of enlightenment
 o - 3 potions of curing
 p - 3 potions of degeneration
 r - 2 potions of brilliance
 v - a potion of attraction
 L - a potion of berserk rage
 Q - a potion of resistance {unknown}
 S - a potion of lignification {unknown}


   Skills:
 + Level 10.1 Short Blades
 + Level 10.4 Dodging
 + Level 17.2 Stealth
 + Level 8.6 Spellcasting
 + Level 13.5 Hexes


You had 17 spell levels left.
You knew the following spells:

 Your Spells              Type           Power      Damage    Failure   Level
a - Ensorcelled Hibernat  Hex/Ice        84%        N/A       1%          2
b - Confusing Touch       Hex            66%        N/A       1%          3
c - Slow                  Hex            100%       N/A       1%          1
d - Tukima's Dance        Hex            66%        N/A       1%          3
e - Jinxbite              Hex            100%       N/A       1%          2

Your spell library contained the following spells:

 Spells                   Type           Power      Damage    Failure   Level
 Dazzling Flash           Conj/Hex       84%        N/A       1%          3
 Apportation              Tloc           20%        N/A       6%          1
 Vampiric Draining        Necr           10%        2d6       19%         3
 Volatile Blastmotes      Fire/Tloc      20%        2d11      19%         3
 Fulminant Prism          Conj/Alch      5%         3d7       52%         4
 Iskenderun's Mystic Bla  Conj/Tloc      10%        2d4       52%         4
 Olgreb's Toxic Radiance  Alch           10%        N/A       52%         4
 Discord                  Hex            33%        N/A       85%         8
 Alistair's Intoxication  Alch           6%         N/A       86%         5
 Starburst                Conj/Fire      5%         6d4       100%        6
 Ozocubu's Refrigeration  Ice            5%         4d8       100%        7
 Maxwell's Capacitive Co  Air            5%         ∞         100%        8


Dungeon Overview and Level Annotations

Branches:
Dungeon (13/15)            Temple (1/1) D:4            Lair (0/5) D:10
    Orc (0/2) D:12          Sewer (visited)         Gauntlet (1/1)
 Vaults: D:13-14

Altars:
Ashenzari
Cheibriados
Dithmenos
Fedhas
Gozag
Hepliaklqana
Kikubaaqudgha
Makhleb
Nemelex Xobeh
Okawaru
Qazlal
Ru
Sif Muna
Trog
Uskayaw
Vehumet
Wu Jian
Xom
Yredelemnul

Shops:
D:2 *   D:6 :   D:9 *   D:12 (

Annotations:
Gauntlet 9 transporters, 21 runed translucent doors


Innate Abilities, Weirdness & Mutations

You do not regenerate when monsters are visible.
You are frail without blood (-20% HP).
You can heal yourself when you bite living creatures.
You are immune to poison.
You have razor-sharp teeth.
You have supernaturally acute eyesight. (SInv)
You are afflicted with vampirism and can become a bat while bloodless.


Message History

The purple ugly thing misses you.
The purple ugly thing attacks as it pursues you!
The purple ugly thing completely misses you.
You see here the ring "Tuteamoka" {Fly Int+4}.
U - the ring "Tuteamoka" {Fly Int+4} The purple ugly thing misses you.
You see here 19 gold pieces.
The purple ugly thing attacks as it pursues you!
The purple ugly thing claws you!
There is a transporter here.
You enter the transporter and appear at another place.
The purple ugly thing misses you.
Casting: Ensorcelled Hibernation (safe; 1% risk of failure)
Confirm with . or Enter, or press ? or * to list all spells.
Aiming: Ensorcelled Hibernation (safe; 1% risk of failure)
Press: ? - help, Shift-Dir - straight line, f - purple ugly thing
Aim: a purple ugly thing (umbra, chance to affect: 50%)
The purple ugly thing looks drowsy...
The glowing orange brain turns its attention towards you.
The helpless purple ugly thing fails to defend itself.
You bite the purple ugly thing, and draw its blood!
You feel better.
You stick the purple ugly thing like a pincushion!!!!!
You kill the purple ugly thing!
Dithmenos accepts your kill.
Unknown command.
You start resting.
Magic restored.
There is a transporter here.
You start resting.
The shadow imp disappears for a moment.
HP restored.
You enter the transporter and appear at another place.
The reaper completely misses you.
The reaper hits you from afar with a +4 scythe of venom!!
You emit a cloud of dark smoke.
The reaper drags you backwards!
There is a transporter landing site here.
The reaper hits you from afar with a +4 scythe of venom!!
Ouch! That really hurt!
You die...

# ##...............ß.....ß..
..# ##.ß.....ß...............
#..##≈...............########
....##...#########...#.......
#....#...#.......#...#..##.##
#.©ß.#...#.####..#####.#..#..
#....#...#^.§§5#.#...#$#..#..
#.©ß.#.ß.####§2#4#©.©#G.#####
#....#...#.§@#§#.#...#$#..#©.
#.©ß.#...##§§#.#.#####.#..#..
#....#...#§#§#^..#...#..##.##
....##...#########...#.......
#..##≈...............########
..# ##.ß.....ß...............
##...............ß.....ß..
#≈...###########..........
##...#.##...####...#######


You could see a reaper and a shadow imp.

Vanquished Creatures
  Rupert (D:13)
  3 two-headed ogres
  Sonja (D:11)
  3 skeletal warriors (D:11)
  Pikel (D:4)
  5 ugly things
  A manticore (D:11)
  Maurice (D:11)
  3 cyclopes
  A guardian serpent (D:11)
  A gargoyle (D:11)
  An unseen horror (D:11)
  2 komodo dragons
  4 kobold demonologists (D:10)
  A hornet (D:10)
  Sigmund (D:2)
  5 slime creatures (D:12)
  2 shadows
  A wraith (D:10)
  4 yaks (D:10)
  A wyvern (D:8)
  6 steam dragons
  3 vampire mosquitoes (D:12)
  Menkaure (D:6)
  Edmund (D:4)
  3 acid dragons
  3 water moccasins
  2 ice beasts (D:5)
  An ogre (D:7)
  An orc warrior (D:9)
  3 centaurs
  A lemure (D:4)
  A phantom (D:6)
  Blork the orc (D:4)
  4 kobold brigands
  The ghost of DeathSocks the Magician, an amateur DEAl (D:3)
  A gnoll sergeant (D:12)
  A brain worm (Sewer)
  3 bullfrogs
  A scorpion (D:3)
  17 killer bees
  5 howler monkeys
  A bombardier beetle (D:3)
  6 jellies
  Crazy Yiuf (D:4)
  An orc priest (D:3)
  3 hounds
  6 iguanas
  7 orc wizards
  4 gnolls (D:12)
  10 adders
  A river rat (Sewer)
  2 shadow imps
  A white imp (D:6)
  2 ufetubi (D:6)
  4 dart slugs
  2 ribbon worms (D:3)
  30 orcs
  9 ball pythons
  9 endoplasms
  7 giant cockroaches
  A hobgoblin (D:4)
  A jackal (Sewer)
  8 quokkas
  2 training dummies (D:5)
  8 bats
  4 frilled lizards
  4 goblins
  22 kobolds
  5 rats
264 creatures vanquished.

Vanquished Creatures (collateral kills)
  2 two-headed ogres
  An orc knight (D:12)
  Jeremiah (D:6)
  An orc warrior (D:12)
  3 killer bees (D:8)
8 creatures vanquished.

Vanquished Creatures (others)
  4 dancing weapons
  An orc wizard (D:8)
  4 kobolds (D:8)
9 creatures vanquished.

Grand Total: 281 creatures vanquished

Notes
Turn   | Place    | Note
-------+----------+-------------------------------------------
     0 | D:1      | Rohain the Vampire Enchanter began the quest for the Orb.
     0 | D:1      | Reached XP level 1. HP: 13/13 MP: 3/3
   506 | D:1      | Reached XP level 2. HP: 15/19 MP: 5/5
  1005 | D:2      | Reached skill level 5 in Stealth
  1014 | D:2      | Learned a level 2 spell: Ensorcelled Hibernation
  1086 | D:2      | Gained mutation: You are afflicted with vampirism and can
                  | become a bat while bloodless. [Vampire growth]
  1086 | D:2      | Reached XP level 3. HP: 17/19 MP: 1/6
  1218 | D:2      | Noticed Sigmund
  1225 | D:2      | Killed Sigmund
  1226 | D:2      | Reached skill level 6 in Stealth
  1226 | D:2      | Reached skill level 5 in Hexes
  1226 | D:2      | Reached XP level 4. HP: 24/24 MP: 6/8
  1226 | D:2      | Reached XP level 5. HP: 28/28 MP: 6/9
  1439 | D:2      | Identified a scroll of acquirement
  1439 | D:2      | Acquired the amulet of Gidghuit {rC+ Will++ RegenMP+ Str+3}
  1572 | D:2      | Found Titog's General Store.
  1588 | D:2      | Bought a scroll of identify for 28 gold pieces
  1817 | D:3      | Reached skill level 7 in Stealth
  1829 | D:3      | Reached XP level 6. HP: 20/32 MP: 8/10
  1875 | D:3      | Found a large runed translucent door.
  1875 | D:3      | Found a large runed translucent door.
  1880 | D:3      | Noticed DeathSocks's ghost (amateur DEAl)
  2099 | D:3      | Found a faded altar of an unknown god.
  2110 | D:3      | Learned a level 3 spell: Confusing Touch
  2112 | D:3      | Learned a level 1 spell: Slow
  2497 | D:3      | Killed DeathSocks's ghost
  2498 | D:3      | Reached skill level 8 in Stealth
  2611 | D:4      | Found a staircase to the Ecumenical Temple.
  2632 | D:4      | Noticed Blork the orc
  2641 | D:4      | Killed Blork the orc
  2642 | D:4      | Reached XP level 7. HP: 36/36 MP: 11/11
  2701 | D:4      | Found a runed translucent door.
  2702 | D:4      | Noticed Crazy Yiuf
  2823 | D:4      | Noticed Edmund
  2832 | D:4      | Killed Edmund
  2856 | D:4      | Found a bloodstained altar of Trog.
  2856 | D:4      | Found a faded altar of an unknown god.
  2863 | D:4      | Found a stormy altar of Qazlal.
  2865 | D:4      | Found an ancient bone altar of Kikubaaqudgha.
  2867 | D:4      | Found a hide-covered altar of Uskayaw.
  3089 | D:4      | Found a glowing drain.
  3093 | Sewer    | Entered a sewer
  3284 | Sewer    | Reached skill level 9 in Stealth
  4125 | D:4      | Noticed Pikel
  4448 | D:4      | Learned a level 3 spell: Tukima's Dance
  4517 | D:4      | Killed Pikel
  4518 | D:4      | Reached skill level 5 in Dodging
  4518 | D:4      | Reached skill level 10 in Stealth
  4518 | D:4      | Reached XP level 8. HP: 6/41 MP: 10/14
  4738 | D:4      | Killed Crazy Yiuf
  4789 | D:5      | Entered Level 5 of the Dungeon
  5087 | D:5      | You fall into a shaft and drop 1 floor!
  5096 | D:6      | Reached skill level 5 in Short Blades
  5096 | D:6      | Reached skill level 11 in Stealth
  5630 | D:6      | Noticed Jeremiah
  5632 | D:6      | Noticed Menkaure
  5640 | D:6      | Found Bofu's Book Emporium.
  5658 | D:5      | Reached XP level 9. HP: 29/45 MP: 15/15
  6055 | D:6      | Reached skill level 12 in Stealth
  6112 | D:6      | Killed Menkaure
  6129 | D:6      | Killed Jeremiah
  6130 | D:6      | Reached skill level 5 in Spellcasting
  6247 | D:6      | Learned a level 2 spell: Jinxbite
  6710 | Temple   | Entered the Ecumenical Temple
  6715 | Temple   | Became a worshipper of Dithmenos the Shadowed
  6948 | D:6      | Reached skill level 13 in Stealth
  7004 | D:7      | Identified the orb of Patterns {*channel, *Slow Regen+
                  | Int+8 Slay-3}
  7286 | D:7      | Found an iron altar of Okawaru.
  7856 | D:8      | Reached * piety under Dithmenos
  7895 | D:8      | Noticed a two-headed ogre
  7910 | D:8      | Killed a two-headed ogre
  7911 | D:8      | Reached XP level 10. HP: 23/50 MP: 18/18
  7991 | D:8      | Reached skill level 14 in Stealth
  8360 | D:9      | Noticed a two-headed ogre
  8367 | D:9      | Killed a two-headed ogre
  8368 | D:9      | Reached skill level 10 in Hexes
  8436 | D:9      | Reached ** piety under Dithmenos
  8836 | D:9      | Found Nisodurph's General Store.
  8976 | D:9      | Noticed a two-headed ogre
  8979 | D:9      | Killed a two-headed ogre
  9069 | D:10     | Entered Level 10 of the Dungeon
  9074 | D:10     | Found a staircase to the Lair.
  9248 | D:10     | Reached skill level 15 in Stealth
  9248 | D:10     | Reached XP level 11. HP: 54/54 MP: 17/20
  9281 | D:10     | Identified the +8 whip "Guoha" {venom, rCorr}
  9340 | D:10     | Found a sacrificial altar of Ru.
  9405 | D:10     | Reached *** piety under Dithmenos
  9811 | D:11     | Noticed a skeletal warrior
  9855 | D:11     | Noticed Sonja
  9861 | D:11     | Killed Sonja
  9936 | D:11     | Noticed a two-headed ogre
  9941 | D:11     | Killed a two-headed ogre
  9978 | D:11     | Noticed a purple ugly thing
  9984 | D:11     | Killed a purple ugly thing
 10086 | D:11     | Noticed Maurice
 10099 | D:11     | Killed Maurice
 10100 | D:11     | Reached skill level 16 in Stealth
 10144 | D:11     | Noticed a skeletal warrior
 10148 | D:11     | Noticed a skeletal warrior
 10684 | D:11     | Killed a skeletal warrior
 11077 | D:11     | Killed a skeletal warrior
 11097 | D:11     | Killed a skeletal warrior
 11098 | D:11     | Reached XP level 12. HP: 59/59 MP: 20/23
 11426 | D:12     | Noticed a two-headed ogre
 11433 | D:12     | Killed a two-headed ogre
 11534 | D:12     | Reached skill level 10 in Dodging
 11553 | D:12     | Found Peob's Weapon Shop.
 11555 | D:12     | Found a staircase to the Orcish Mines.
 11742 | D:12     | Reached **** piety under Dithmenos
 12073 | D:13     | Noticed Rupert
 12077 | D:13     | Killed Rupert
 12078 | D:13     | Reached skill level 10 in Short Blades
 12078 | D:13     | Reached skill level 17 in Stealth
 12126 | D:13     | Found a gate leading to a gauntlet.
 12140 | Gauntlet | Entered a Gauntlet
 12140 | Gauntlet | Found a transporter.
 12226 | Gauntlet | Found a transporter.
 12236 | Gauntlet | Found a transporter.
 12237 | Gauntlet | Found a transporter.
 12240 | Gauntlet | Found a transporter.
 12241 | Gauntlet | Found a transporter.
 12242 | Gauntlet | Found a large runed translucent door.
 12243 | Gauntlet | Found a large runed translucent door.
 12244 | Gauntlet | Found a large runed translucent door.
 12244 | Gauntlet | Found a large runed translucent door.
 12244 | Gauntlet | Found a runed translucent door.
 12245 | Gauntlet | Found a large runed translucent door.
 12246 | Gauntlet | Found a large runed translucent door.
 12247 | Gauntlet | Found a large runed translucent door.
 12247 | Gauntlet | Found a large runed translucent door.
 12247 | Gauntlet | Noticed a reaper
 12248 | Gauntlet | Found a runed translucent gate.
 12248 | Gauntlet | Found a runed translucent gate.
 12250 | Gauntlet | Found a transporter.
 12259 | Gauntlet | Found a runed translucent gate.
 12260 | Gauntlet | Found a large runed translucent door.
 12260 | Gauntlet | Found a large runed translucent door.
 12261 | Gauntlet | Found a large runed translucent door.
 12262 | Gauntlet | Found a large runed translucent door.
 12271 | Gauntlet | Found a large runed translucent door.
 12271 | Gauntlet | Found a large runed translucent door.
 12271 | Gauntlet | Found a runed translucent door.
 12272 | Gauntlet | Found a large runed translucent door.
 12273 | Gauntlet | Found a large runed translucent door.
 12318 | Gauntlet | Noticed a green death
 12319 | Gauntlet | Found a transporter.
 12336 | Gauntlet | Found a transporter.
 12339 | Gauntlet | Found a transporter.
 12349 | Gauntlet | Noticed a death yak
 12351 | Gauntlet | Noticed a death yak
 12354 | Gauntlet | Noticed a death yak
 12357 | Gauntlet | Found a transporter.
 12357 | Gauntlet | Noticed a death yak
 12358 | Gauntlet | Noticed a death yak
 12367 | Gauntlet | Found a transporter.
 12595 | Gauntlet | Identified the ring "Tuteamoka" {Fly Int+4}
 12625 | Gauntlet | Slain by a reaper

Illustrated notes

Levels and vault maps discovered:
D:1:      shiori_arrival_elements, layout_rooms, serial_forest,
          infiniplex_forest_clump_curved, infiniplex_forest_join,
          infiniplex_forest_straight_4, infiniplex_forest_lined_room_3,
          infiniplex_forest_clump_medium, infiniplex_forest_lined_room_2,
          infiniplex_forest_straight_2, infiniplex_forest_clump_curved
D:2:      layout_basic, serial_shops, nicolae_shop_window_shopping,
          serial_rivers, chequers_serial_rivers_marsh,
          chequers_serial_rivers_small_b, chequers_serial_rivers_micro_c,
          chequers_serial_rivers_room_b, uniq_sigmund
D:3:      layout_loops_ring, dreamdust_ecumenical_altar_angels_and_demons,
          ebering_ghost_disaster_area
D:4:      layout_basic, chequers_temple_overflow_minitemple,
          minmay_temple_entry_tees, gup_sewer_entry_spiral, uniq_blork_the_orc,
          uniq_crazy_yiuf_cottage, uniq_edmund, uniq_pikel
D:5:      dreamdust_elfheim, layout_basic, lemuel_flamethrower_1
D:6:      layout_loops_ring, serial_glass, glass_columns_a, glass_columns_a,
          glass_columns_a, serial_shops, shop, minmay_misc_feat_pillars,
          uniq_menkaure, uniq_jeremiah
D:7:      layout_basic, okawaru_gym_becter
D:8:      layout_rooms, minmay_tree_intersection
D:9:      layout_loops_cross, serial_shops, nicolae_shop_waterfront
D:10:     layout_roguey, david_lair_shrubbed,
          serial_library_hellmonk_recessed_alcove, hangedman_feature_mirror
D:11:     layout_loops_ring, nrook_guardian_serpent_double, uniq_maurice,
          uniq_sonja
D:12:     layout_loops_ring, orc_david_3
D:13:     layout_rooms, hellmonk_vaults_attempted_burglary,
          gauntlet_entry_generic, kennysheep_small_circle, uniq_rupert,
          uniq_nessos
Temple:   sentei_temple_godly_chess
Gauntlet: minmay_gauntlet_mixed_oops_all_seconds
          [minmay_gauntlet_arena_77_tiled_triplets,
          nicolae_gauntlet_arena_quarters, minmay_gauntlet_arena_77_box,
          minmay_gauntlet_arena_make_your_own_arena,
          minmay_gauntlet_arena_77_radiant_squares,
          gammafunk_gauntlet_arena_crates,
          nicolae_gauntlet_exit_dead_adventurers]

Skill      XL: |  1  2  3  4  5  6  7  8  9 10 11 12 |
---------------+-------------------------------------+-----
Stealth        | 5 6 7 8 10 11 13 15 16 17 | 17.2
Short Blades   | 2 3 4 5 6 7 9 10 | 10.1
Dodging        | 3 4 5 7 8 9 10 | 10.4
Hexes          | 5 6 7 8 9 10 12 13 | 13.5
Spellcasting   | 3 4 5 6 7 8 |  8.6

Action                     |  1- 3 |  4- 6 |  7- 9 | 10-12 || total
---------------------------+-------+-------+-------+-------++-------
  Melee: Dagger            |   161 |    71 |   222 |   235 ||   689
         Bite              |    25 |     4 |    24 |    19 ||    72
   Cast: Ensorcelled Hiber |     3 |    13 |    48 |    46 ||   110
         Confusing Touch   |       |     1 |     2 |    11 ||    14
         Tukima's Dance    |       |       |     6 |    17 ||    23
         Slow              |       |       |     1 |     5 ||     6
         Jinxbite          |       |       |     2 |     5 ||     7
Ability: Exsanguinate      |     1 |       |       |       ||     1
         End Transformatio |       |       |     1 |       ||     1
         Bat Form          |       |       |     1 |       ||     1
    Use: Scroll            |       |     4 |     9 |     4 ||    17
         Potion            |       |       |     4 |       ||     4
   Stab: Sleeping          |    12 |    17 |    67 |    72 ||   168
         Distracted        |     1 |     1 |     1 |     1 ||     4
         Confused          |       |     1 |     1 |     9 ||    11
 Armour: Robe              |    14 |    24 |   116 |       ||   154
         Steam dragon scal |       |       |    47 |    68 ||   115
  Dodge: Dodged            |    31 |    34 |   148 |   126 ||   339

Table legend: (Time is in decaauts)
 A = Elapsed time spent in this place.
 B = Non-inter-level travel time spent in this place.
 C = Inter-level travel time spent in this place.
 D = Time resting spent in this place.
 E = Time spent auto-exploring this place.
 F = Levels seen in this place.
 G = Mean time per level.
                   A        B        C        D        E       F      G
               +--------+--------+--------+--------+--------+-----+--------+
         Total |  12697 |  12060 |    637 |   1451 |   7534 |  16 |  793.6 |
       Dungeon |  11165 |  10533 |    632 |   1247 |   6844 |  13 |  858.8 |
        Temple |      9 |      5 |      4 |      0 |      0 |   1 |    9.0 |
         Sewer |   1037 |   1037 |      0 |    102 |    564 |   1 | 1037.0 |
      Gauntlet |    484 |    484 |      0 |    102 |    126 |   1 |  484.0 |
               +--------+--------+--------+--------+--------+-----+--------+

Top non-repeatable levels by time:
     D:4: 1251 daAuts
    D:10: 1116 daAuts
     D:3: 1062 daAuts
     D:6: 1054 daAuts
   Sewer: 1037 daAuts
     D:5: 970 daAuts
     D:7: 917 daAuts
    D:12: 904 daAuts
    D:11: 903 daAuts
     D:2: 866 daAuts
     D:1: 804 daAuts
     D:9: 696 daAuts
     D:8: 534 daAuts
Gauntlet: 484 daAuts
    D:13: 83 daAuts
